 Dungeon Crawl Stone Soup version 0.29.1-1-gd02db6906a (webtiles) character file.

Game seed: 7711214978295062014

198 MisterFreud the Twirler (level 6, -1/46 HPs)
             Began as a Formicid Gladiator on Oct 10, 2022.
             Slain by an orc
             ... wielding a +0 short sword
              (3 damage)
             ... on level 3 of the Dungeon.
             The game lasted 00:03:16 (2311 turns).

MisterFreud the Twirler (Formicid Gladiator)        Turns: 2311, Time: 00:03:17

Health: -1/46      AC:  6    Str: 18 (20) XL:     6   Next: 6%
Magic:  6/6        EV: 12    Int:  6 (8)  God:
Gold:   106        SH:  0    Dex: 12 (15) Spells: 5/5 levels left

rFire   . . .      SeeInvis +   a - +0 quarterstaff
rCold   . . .      Faith    .   (no shield)
rNeg    . . .      Spirit   .   b - +0 leather armour
rPois   .          Reflect  .   (helmet unavailable)
rElec   .          Harm     .   (no cloak)
rCorr   .          Rampage  .   g - +0 pair of gloves
Will    .....                   j - +1 pair of boots
Stlth   +.........              (no amulet)
HPRegen 0.15/turn               (no ring)
MPRegen 0.10/turn               (no ring)

@: no status effects
A: permanent stasis, dig shafts and tunnels, antennae 3, four strong arms
a: Dig, Shaft Self


You were on level 3 of the Dungeon.
You visited 1 branch of the dungeon, and saw 3 of its levels.

You collected 128 gold pieces.
You spent 22 gold pieces at shops.

Inventory:

Hand Weapons
 a - a +0 quarterstaff (weapon)
Missiles
 c - 4 throwing nets (quivered)
 d - a javelin
Armour
 b - a +0 leather armour (worn)
 g - a +0 pair of gloves (worn)
 j - a +1 pair of boots (worn)
Scrolls
 i - 2 scrolls of magic mapping
Potions
 f - a potion of cancellation
 k - a potion of heal wounds {unknown}


   Skills:
 + Level 2.6 Fighting
 - Level 6.0 Staves
 - Level 2.0 Throwing
 + Level 1.1 Armour
 - Level 2.6 Dodging


You had 5 spell levels left.
You didn't know any spells.
Your spell library contained the following spells:

 Spells                   Type           Power      Damage    Failure   Level
 Beastly Appendage        Tmut           0%         N/A       52%         1
 Wereblood                Tmut           0%         N/A       65%         2
 Spider Form              Tmut/Pois      0%         N/A       87%         3
 Conjure Ball Lightning   Conj/Air       0%         3x3d6     100%        6
 Discord                  Hex            0%         N/A       100%        8
 Disjunction              Tloc           0%         N/A       100%        8


Dungeon Overview and Level Annotations

Branches:
Dungeon (3/15)

Altars:

Shops:
D:1 ***


Innate Abilities, Weirdness & Mutations

You cannot be hasted, slowed, berserked, paralysed or teleported.
You can dig through walls and to a lower floor.
You have a pair of large antennae on your head. (SInv)
Your four strong arms can wield two-handed weapons with a shield.


Message History

a +0 mace; an orc corpse No target in view!
An orc priest comes into view. It is wielding a +0 whip.
The orc priest shouts!
You hear a shout!
You hear an angry hiss.
You closely miss the orc priest. The orc priest hits you with a +0 whip.
You closely miss the orc priest. The orc priest misses you.
You hit the orc priest but do no damage.
The orc priest completely misses you.
You barely miss the orc priest. The orc priest barely misses you.
You hit the orc priest but do no damage.
The orc priest hits you but does no damage.
You hit the orc priest but do no damage.
The orc priest invokes the aid of Beogh against you.
Beogh smites you!
You hit the orc priest.
The orc priest is moderately wounded.
The orc priest hits you but does no damage.
You hit the orc priest.
The orc priest is heavily wounded.
The orc priest hits you but does no damage.
An orc comes into view. It is wielding a +0 short sword.
You hit the orc priest but do no damage.
The orc priest is heavily wounded.
An adder comes into view.
The orc priest invokes the aid of Beogh against you.
Pain shoots through your body!
* * * LOW HITPOINT WARNING * * *
The adder moves out of view.
Unknown command.
You hit the orc priest but do no damage.
The orc priest is heavily wounded.
The orc priest invokes the aid of Beogh against you.
Pain shoots through your body!
* * * LOW HITPOINT WARNING * * *
Unknown command.
It was a potion of degeneration.
There was something very wrong with that liquid.
You feel weakened.
You feel dopey.
You feel clumsy. The orc hits you with a +0 short sword.
You die...

# .#. .... #+###.#
####...#. ......
#########.oS#....
.$....##...).)..@o...#
..!....).)..............
.....###.#...###...####.
.o...# #.#...# #...#
.....# #.##### #...#
....†# #.# ##'## .....#
#.# .. { .....# #.# ..#
.....###.#


You could see an orc priest, an adder and an orc.

Vanquished Creatures
  3 orc wizards (D:3)
  3 gnolls (D:2)
  2 adders (D:2)
  A worm (D:2)
  3 dart slugs
  5 orcs (D:3)
  2 bats
  6 endoplasms
  3 giant cockroaches
  6 goblins
  3 hobgoblins (D:1)
  6 jackals
  8 kobolds
  A quokka (D:2)
  5 ball pythons
  3 frilled lizards
  2 rats (D:1)
62 creatures vanquished.

Vanquished Creatures (others)
  2 plants (D:1)
  4 toadstools (D:1)
6 creatures vanquished.

Grand Total: 68 creatures vanquished

Notes
Turn   | Place    | Note
-------+----------+-------------------------------------------
     0 | D:1      | MisterFreud the Formicid Gladiator began the quest for the
                  | Orb.
     0 | D:1      | Reached XP level 1. HP: 16/16 MP: 1/1
   179 | D:1      | Reached XP level 2. HP: 15/22 MP: 2/2
   318 | D:1      | Found Ineps's Assorted Antiques.
   449 | D:1      | Found Qiubolei's Assorted Antiques.
   455 | D:1      | Bought a scroll labelled WOFAFA POTUNO for 22 gold pieces
   599 | D:1      | Found Nofradgha's Assorted Antiques.
   608 | D:1      | Reached skill level 4 in Staves
   608 | D:1      | Reached XP level 3. HP: 27/27 MP: 3/3
  1177 | D:2      | Reached XP level 4. HP: 14/33 MP: 4/4
  1451 | D:2      | Reached skill level 5 in Staves
  1766 | D:2      | Reached XP level 5. HP: 38/38 MP: 5/5
  2236 | D:3      | Reached skill level 6 in Staves
  2285 | D:3      | Reached skill level 1 in Armour
  2285 | D:3      | Reached XP level 6. HP: 35/46 MP: 6/6
  2310 | D:3      | HP: 2/46 [orc priest/nerve-wracking pain (5)]
  2311 | D:3      | Slain by an orc

Illustrated notes

Levels and vault maps discovered:
D:1:      ldierk_walled_garden_2, layout_basic, serial_shops,
          nicolae_diamond_shop, nicolae_shop_overgrown_old_shop, shop
D:2:      layout_loops_cross
D:3:      layout_basic, st_stairs_2, eino_tiny_chamber, uniq_crazy_yiuf_cottage

Skill      XL: |  1  2  3  4  5 |
---------------+----------------+-----
Staves         | 4 5 6 |  6.0
Armour         | 1 |  1.1
Fighting       | |  2.6
Throwing       | |  2.0
Dodging        | |  2.6

Action                   |  1- 3 |  4- 6 || total
-------------------------+-------+-------++-------
Melee: Quarterstaff      |    84 |   108 ||   192
       Punch             |     2 |       ||     2
  Use: Scroll            |     2 |     4 ||     6
       Potion            |       |     1 ||     1
 Stab: Sleeping          |       |     1 ||     1
       Distracted        |       |     1 ||     1
Armor: Leather armour    |    26 |    28 ||    54
Dodge: Dodged            |    54 |    59 ||   113
